Zazza, neutral female human Tourist ----------- ------######..........| ----- ##.....|` # |.........| # |...| ------------ % |.....######..........| -.------- |.... .........%.-######|....|` # ----------- |..`.....#### #-<..| |....(....\| # #|.....##### |.......| ###----- |.......... %#[ #------# |.......| ### ----------- I ##### ## |..*....| ### # f# # |.......| # ### h ### |.......|## # @ ) --------- --------- ### # ### |.......| # ############ d # |.....>.| ### ------------.-# ###|.......| # |............|# #..(.....| ##-............|# --------- |............-# |.........).^| -------------- Zazza the Rambler Experience level: 1 Strength: 11 Dexterity: 10 Constitution: 17 Intelligence: 13 Wisdom: 7 Charisma: 17 Health: 0(17) Energy: 2(2) Def: 3 Gold: 987 Moves: 4139 Dungeon seed: 7jHKbHMHZxgLjPkd Game ID: Zazza_1619387100 Your Inventory: Coins $ - 987 gold pieces Weapons a - 32 +2 darts c - a +0 dagger w - a cursed -1 orcish dagger G - 8 +0 crossbow bolts H - a +0 scimitar L - 7 +0 arrows Q - a +0 elven dagger (weapon in hand) V - 11 blessed +1 crossbow bolts W - a cursed +0 crossbow X - 18 +0 darts Armor e - an uncursed +0 Hawaiian shirt N - a cursed +0 large shield Y - an uncursed +1 shield of reflection (being worn) Comestibles g - an uncursed eucalyptus leaf A - an uncursed egg E - an uncursed food ration F - 3 uncursed slime molds Potions j - an uncursed potion of blindness v - an uncursed potion of see invisible C - an uncursed potion of water J - a blessed potion of gain ability O - an uncursed potion of gain energy R - an uncursed potion of levitation Z - a cursed potion of full healing Rings b - an uncursed ring of fire resistance (on right hand) o - an uncursed ring of sustain ability Wands l - a wand of create monster (0:14) n - a wand of digging (0:7) u - a wand of cancellation (0:4) Tools k - an uncursed skeleton key m - an uncursed mirror r - an expensive camera (0:32) s - an uncursed magic whistle t - an uncursed towel B - an uncursed magic lamp (lit) D - an uncursed sack Gems q - an uncursed worthless piece of yellow glass y - 2 uncursed agate stones z - an uncursed garnet stone K - an uncursed worthless piece of violet glass P - an uncursed touchstone S - an uncursed worthless piece of yellowish brown glass U - an uncursed topaz stone Spells and supernatural/magical abilities: Name Level Category Fail Memory W - pray for help -- divine ? -- Your skills at the end: Fighting Skills Weapon Skills dart [Basic] Spellcasting Skills Final Attributes: You were stridently aligned. You were fire resistant. You were poison resistant. You had reflection. You are dead. Vanquished creatures: a plains centaur 6 bugbears a rock piercer a rock mole a yellow light a gnomish wizard an elf zombie 2 floating eyes a homunculus 2 kobold lords a kobold shaman a centipede 3 giant bats 10 dwarf zombies 3 wererats a werejackal 2 acid blobs 7 coyotes 2 hobbits 7 manes 2 large kobolds 4 hobgoblins 4 giant rats 2 cave spiders a yellow mold a red mold 4 gnomes 4 garter snakes a gnome zombie 2 geckos 3 jackals 3 foxes 2 kobolds 3 goblins 7 sewer rats 3 grid bugs a bat 4 lichens 2 kobold zombies 4 newts 111 creatures vanquished. Voluntary challenges: You used a wielded weapon 4 times, starting on turn 2910. You read items or engraved 22 times, starting on turn 3. You never genocided any monsters. You never polymorphed an object. You never changed form. You used no wishes. You never split a pudding. You wrote Elbereth's name 11 times, starting on turn 1156. You never violated your personal moral code. Dungeon overview: The Dungeons of Doom: levels 1 to 9 Level 1 a sink a long staircase Level 2 a hardware shop Level 3 a long staircase Level 4 some fountains Level 5 a general store Level 6 a fountain, a sink Level 7 some fountains Level 8 <- You were here a throne Level 9 many fountains History has recorded: On T:1 you entered the Dungeons of Doom to retrieve the Amulet of Yendor! On T:247 you reached level 2 of The Dungeons of Doom. On T:742 you reached level 3 of The Dungeons of Doom. On T:1089 you reached level 4 of The Dungeons of Doom. On T:1135 you reached level 5 of The Dungeons of Doom. On T:2396 you reached level 6 of The Dungeons of Doom. On T:2761 you reached level 7 of The Dungeons of Doom. On T:3216 you reached level 8 of The Dungeons of Doom. On T:3360 you reached level 9 of The Dungeons of Doom. Score breakdown: Gold: 948 (10127 points) Experience: 1 level ( 0 points) Exploration: 9 levels ( 17.31%) (11881 points) Discoveries: 24 items ( 8.05%) ( 8513 points) Valuables value: (no points given unless you survive) Artifact value: 0 ( 0 points) Variety of kills: 40 monsters ( 10.50%) ( 9720 points) Turncount: 4139 turns (-1075 points) Survival: died (score multiplied by 80%) Total score: 31332 Latest messages: You displace your dog. You hear some noises in the distance. The dog misses it. It misses the dog. The dog bites it. It hits the dog. You stop. Your dog is in the way! You displace your dog. You hear some noises in the distance. You produce a strange whistling sound. The dog misses it. (3x) It misses the dog. The dog bites it. It hits the dog. You hear some noises in the distance. (2x) You stop. Armand is in the way! You hear some noises. The bugbear thrusts her crude dagger. The bugbear hits! The bugbear thrusts her crude dagger. The bugbear hits! You die... The sack is empty. Final status: Aloha Zazza the Tourist, killed by a bugbear... You died in The Dungeons of Doom on dungeon level 8 with 31332 points, and 987 pieces of gold, after 4139 moves. You were level 1 with a maximum of 17 hit points when you died.